 Dungeon Crawl Stone Soup version 0.30-b1-2-g02819fbbbe (webtiles) character file.

Game seed: 18274539692070870230

25194 MajorAdolf the Covert (level 13, -14/122 HPs)
             Began as a Naga Wanderer on July 10, 2023.
             Was an Initiate of Gozag.
             Demolished by a skeletal warrior
             ... wielding a +0 long sword
              (20 damage)
             ... on level 13 of the Dungeon.
             The game lasted 00:25:41 (15208 turns).

MajorAdolf the Covert (Naga Wanderer)              Turns: 15208, Time: 00:25:42

Health: -14/122    AC: 10    Str: 19    XL:     13   Next: 18%
Magic:  16/16      EV: 14    Int: 22    God:    Gozag
Gold:   2651       SH: 11    Dex: 11    Spells: 11/16 levels left

rFire   . . .        t - +11 spear of Jothonk {spect, rElec}
rCold   . . .        g - +0 buckler
rNeg    . . .        N - +0 robe "Qeruigea" {Rampage Str+3}
rPois   +            P - +3 crown of Dyrovepreva {rElec Int+2 SInv}
rElec   +            o - +0 cloak {rCorr}
rCorr   +            H - +0 pair of gloves
SInv    +            (no barding)
Will    +....        R - amulet of reflection
Stlth   +++++        O - +5 ring of evasion
HPRegen 0.40/turn    C - +4 ring of slaying
MPRegen 0.15/turn

%: reflection, rampage
@: about to teleport, gold aura, very slow
A: AC +4, large, see invisible, deformed body, poison resistance, slowness 2,
spit poison 1, naga tail 2, clever 1, strong 1
a: Spit Poison, Renounce Religion, Potion Petition, Call Merchant, Bribe Branch


You were on level 13 of the Dungeon.
You worshipped Gozag.
Gozag was most pleased with you.
You visited 2 branches of the dungeon, and saw 14 of its levels.
You also visited: Sewer and Bailey.

You collected 2700 gold pieces.
You paid 49 gold pieces to Gozag.

Inventory:

Hand Weapons
 s - a +3 short sword of holy wrath
 t - the +11 spear of Jothonk (weapon) {spect, rElec}
   (You found it on level 2 of the Dungeon)

   rElec:     It insulates you from electricity.
 y - a +0 dagger of venom
 z - a +2 whip of venom
 M - a +4 scimitar of flaming
Missiles
 G - a throwing net
Armour
 g - a +0 buckler (worn)
 o - a +0 cloak of preservation (worn)
 A - a +1 ring mail of fire resistance
 H - a +0 pair of gloves (worn)
 N - the +0 robe "Qeruigea" (worn) {Rampage Str+3}
   (You found it on level 8 of the Dungeon)

   Str:       It affects your strength (+3).
   Rampage:   It bestows one free step when moving towards enemies.
 P - the +3 crown of Dyrovepreva (worn) {rElec Int+2 SInv}
   (You found it in a bailey)

   Int:       It affects your intelligence (+2).
   rElec:     It insulates you from electricity.
   SInv:      It lets you see invisible.
Magical Staves
 a - the staff of fire "Jotzonk" {rF+ rN+ rCorr Dex-3 Stlth+}
   (You found it on level 10 of the Dungeon)

   [staff of fire]

   Base accuracy: +5 Base damage: 5 Base attack delay: 1.2 This weapon's minimum
   attack delay (0.6) is reached at skill level 12.
   Dex:       It affects your dexterity (-3).
   rF:        It protects you from fire.
   rN:        It protects you from negative energy.
   rCorr:     It protects you from acid and corrosion.
   Stlth:     It makes you more stealthy.
   It falls into the 'Staves' category.
   It is a one-handed weapon.
 w - a staff of earth
 U - the staff of poison "Pureyh" {rPois rF+ rN+ Dex+2}
   (You found it on level 10 of the Dungeon)

   [staff of poison]

   Base accuracy: +5 Base damage: 5 Base attack delay: 1.2 This weapon's minimum
   attack delay (0.6) is reached at skill level 12.
   Dex:       It affects your dexterity (+2).
   rF:        It protects you from fire.
   rPois:     It protects you from poison.
   rN:        It protects you from negative energy.
   It falls into the 'Staves' category.
   It is a one-handed weapon.
Jewellery
 C - a +4 ring of slaying (right hand)
 E - a ring of positive energy
 K - an amulet of the acrobat
 O - a +5 ring of evasion (left hand)
 R - an amulet of reflection (around neck)
 T - an amulet of guardian spirit
 V - a ring of protection from cold
Wands
 e - a wand of mindburst (11)
 p - a wand of charming (4)
 D - a wand of roots (12)
 L - a wand of polymorph (6)
Scrolls
 b - 8 scrolls of teleportation
 c - 2 scrolls of fog
 f - 2 scrolls of butterflies
 i - 3 scrolls of amnesia
 l - 2 scrolls of poison
 n - a scroll of fear
 v - 2 scrolls of blinking
 B - 2 scrolls of acquirement {unknown}
 F - 3 scrolls of brand weapon {unknown}
 I - 2 scrolls of enchant weapon
 Q - 7 scrolls of identify
 S - 3 scrolls of immolation {unknown}
Potions
 d - 4 potions of mutation
 h - 2 potions of might
 j - 5 potions of brilliance
 k - 2 potions of lignification
 m - 3 potions of invisibility
 q - 8 potions of magic
 r - 4 potions of haste
 u - 3 potions of curing
 x - 9 potions of heal wounds
Miscellaneous
 J - a condenser vane


   Skills:
 + Level 9.7 Fighting
 + Level 9.7 Polearms
 - Level 1.0 Armour
 - Level 1.0 Dodging
 + Level 14.3 Stealth
 + Level 9.2 Shields
 - Level 2.0 Spellcasting
 - Level 3.0 Air Magic
 - Level 5.0 Poison Magic
 + Level 10.3 Evocations


You had 11 spell levels left.
You knew the following spells:

 Your Spells              Type           Power      Damage    Failure   Level
a - Poisonous Vapours     Pois/Air       38%        N/A       4%          2
b - Spider Form           Tmut/Pois      13%        N/A       17%         3

Your spell library contained the following spells:

 Spells                   Type           Power      Damage    Failure   Level
 Shock                    Conj/Air       32%        1d5       9%          1
 Cigotuvi's Dreadful Rot  Necr/Pois/Air  26%        N/A       9%          2
 Static Discharge         Conj/Air       16%        2-3/arc   13%         2
 Swiftness                Air            15%        N/A       14%         3
 Beastly Appendage        Tmut           4%         N/A       16%         1
 Magic Dart               Conj           8%         1d3       16%         1
 Sandblast                Erth           4%         2d4       16%         1
 Passwall                 Tmut/Erth      1%         N/A       24%         2
 Searing Ray              Conj           4%         2d4       24%         2
 Wereblood                Tmut           2%         N/A       24%         2
 Dazzling Flash           Conj/Hex       4%         N/A       43%         3
 Stone Arrow              Conj/Erth      4%         3d7       43%         3
 Summon Guardian Golem    Hex/Summ       2%         N/A       43%         3
 Volatile Blastmotes      Fire/Tloc      4%         2d10      43%         3
 Airstrike                Air            7%         2d(2-18)  43%         4
 Summon Lightning Spire   Summ/Air       8%         N/A       65%         4
 Fulminant Prism          Conj/Hex       1%         3d5       85%         4
 Iskenderun's Mystic Bla  Conj/Tloc      2%         2d3       85%         4
 Passage of Golubria      Tloc           2%         N/A       85%         4
 Alistair's Intoxication  Tmut/Pois      8%         N/A       85%         5
 Silence                  Hex/Air        4%         N/A       94%         5
 Blade Hands              Tmut           1%         N/A       99%         5
 Borgnjor's Vile Clutch   Necr/Erth      1%         N/A       99%         5
 Irradiate                Conj/Tmut      1%         3d12      99%         5
 Death Channel            Necr           1%         N/A       100%        6
 Eringya's Noxious Bog    Tmut/Pois      6%         N/A       100%        6
 Starburst                Conj/Fire      1%         6d3       100%        6
 Dragon Form              Tmut           1%         N/A       100%        7
 Orb of Destruction       Conj           1%         9d5       100%        7
 Spellforged Servitor     Conj/Summ      1%         N/A       100%        7
 Lehudib's Crystal Spear  Conj/Erth      1%         10d2      100%        8
 Animate Dead             Necr           Unusable   N/A       N/A         4

Dungeon Overview and Level Annotations

Branches:
Dungeon (13/15)            Temple (1/1) D:7            Lair (0/5) D:10
    Orc (0/2) D:9           Sewer (visited)          Bailey (visited)
 Vaults: D:13-14

Altars:
Ashenzari
Cheibriados
Dithmenos
Elyvilon
Fedhas
Gozag
Hepliaklqana
Kikubaaqudgha
Makhleb
Nemelex Xobeh
Okawaru
Qazlal
Ru
Sif Muna
Trog
Uskayaw
Vehumet
Wu Jian
Xom
Yredelemnul
Zin
The Shining One

Shops:
D:8 [   D:10 (

Annotations:
D:2 1 runed translucent door, exclusion: door, Crazy Yiuf


Innate Abilities, Weirdness & Mutations

Your serpentine skin is tough. (AC +4)
You have supernaturally acute eyesight. (SInv)
Armour fits poorly on your strangely shaped body.
Your system is resistant to poisons. (rPois)
You cover ground very slowly.
You can spit poison.
You can use your snake-like lower body to constrict enemies.
Your mind is acute. (Int +4, Str/Dex -1)
Your muscles are strong. (Str +4, Int/Dex -1)


Message History

The skeletal warrior is heavily damaged.
Your +11 spear of Jothonk {spect, rElec} hits the skeletal warrior but does no damage.
You constrict the skeletal warrior.
The skeletal warrior hits your +11 spear of Jothonk {spect, rElec} with a +0 long sword!
Your spectral weapon shares its damage with you!
The skeletal warrior closely misses you.
The cyclops throws a large rock.
The large rock hits you!!
You puncture the skeletal warrior!
The skeletal warrior is severely damaged.
Your +11 spear of Jothonk {spect, rElec} hits the skeletal warrior!
You constrict the skeletal warrior, but do no damage.
The skeletal warrior escapes!
You puncture the skeletal warrior!
You destroy the skeletal warrior!
Your +11 spear of Jothonk {spect, rElec} disappears.
The cyclops throws a large rock.
The large rock hits you!
You are too injured to fight recklessly!
Unknown command.
You are too injured to fight recklessly!
You are too injured to fight recklessly!
Unknown command.
Unknown command.
As you read the scroll of teleportation, it crumbles to dust.
You feel strangely unstable.
You block the skeletal warrior's attack.
Unknown command.
The skeletal warrior hits you from afar with a +0 trident!
The skeletal warrior hits you with a +0 long sword!
* * * LOW HITPOINT WARNING * * *
The skeletal warrior hits you with a +0 long sword!!
* * * LOW HITPOINT WARNING * * *
The skeletal warrior hits you from afar with a +0 trident!
* * * LOW HITPOINT WARNING * * *
You block the skeletal warrior's attack.
The skeletal warrior attacks as you move away!
You block the skeletal warrior's attack.
The skeletal warrior attacks as you move away!
The skeletal warrior hits you with a +0 long sword!!
You die...
Your body crumbles into a pile of gold.

............#......#
.........>..#......#
............#......#
............#......#
......C.....#......#
.......z$..$#......#
.......z....#......#
......zz....#......#
.......@....#......#
............#......#
...................#
......................
######################


You could see 4 skeletal warriors and a cyclops.

Vanquished Creatures
  An entropy weaver (shapeshifter) (D:13)
  A catoblepas (D:13)
  A centaur warrior (D:13)
  Erica (D:8)
  3 boulder beetles
  3 death yaks
  A skeletal warrior (D:13)
  An orc knight (Bailey)
  4 deep elf pyromancers
  An ugly thing (D:12)
  3 cyclopes
  2 spectral centaurs (D:10)
  Joseph (D:10)
  2 centaur zombies (D:10)
  3 unseen horrors
  A kobold demonologist (D:11)
  A hornet (D:9)
  A troll (D:11)
  A slime creature (D:8)
  2 centaur simulacra (D:10)
  11 flying skulls (D:10)
  5 shadows (D:10)
  A vampire (D:10)
  A wyvern (D:9)
  5 wraiths
  3 basilisks
  8 yaks
  A steam dragon (D:8)
  4 vampire mosquitoes (D:10)
  An acid dragon (D:9)
  5 wargs (D:10)
  A harpy simulacrum (D:12)
  A hell hound (D:10)
  4 water moccasins
  9 orc warriors
  2 boulder beetle simulacra (D:10)
  An ogre (D:5)
  A sky beast (D:7)
  An ice beast (D:6)
  3 black mamba simulacra (D:10)
  3 centaurs
  3 kobold brigands
  A gnoll sergeant (D:13)
  3 bullfrogs
  2 scorpions
  5 wights (D:8)
  5 killer bees (D:8)
  A troll skeleton (D:11)
  5 spriggan skeletons (D:11)
  8 howler monkeys
  4 hounds
  8 orc priests
  5 jellies
  4 iguanas
  9 orc wizards
  3 sleepcaps
  5 hell rats (D:10)
  Robin (D:4)
  A howler monkey zombie (D:10)
  3 gnolls (D:13)
  4 river rats
  9 adders
  A white imp (D:7)
  2 ufetubi
  5 worms
  4 dart slugs
  43 orcs
  16 endoplasms
  4 giant cockroaches
  17 goblins
  7 hobgoblins
  6 jackals
  27 kobolds
  4 quokkas
  12 ball pythons
  6 bats
  6 frilled lizards
  8 rats
  A spectral goblin (D:3)
363 creatures vanquished.

Vanquished Creatures (others)
  A spectral weapon (D:10)
1 creature vanquished.

Grand Total: 364 creatures vanquished

Notes
Turn   | Place    | Note
-------+----------+-------------------------------------------
     0 | D:1      | MajorAdolf the Naga Wanderer began the quest for the Orb.
     0 | D:1      | MajorAdolf set off with the following items: a +0 club, a
                  | scroll of teleportation, a scroll of fog, a +0 leather
                  | armour, a wand of mindburst (12); and the following spells
                  | available to memorise: Poisonous Vapours, Cigotuvi's
                  | Dreadful Rot.
     0 | D:1      | Reached XP level 1. HP: 18/18 MP: 2/2
   805 | D:2      | Reached XP level 2. HP: 25/25 MP: 3/3
   808 | D:2      | Learned a level 2 spell: Poisonous Vapours
   816 | D:2      | Reached skill level 1 in Poison Magic
  1062 | D:2      | Reached XP level 3. HP: 21/31 MP: 5/5
  1455 | D:2      | Reached skill level 1 in Shields
  1933 | D:2      | Found a runed translucent door.
  1934 | D:2      | Noticed Crazy Yiuf
  1972 | D:2      | Reached XP level 4. HP: 16/38 MP: 6/6
  2530 | D:2      | Identified the +11 spear of Jothonk {spect, rElec}
  3127 | D:3      | Found a faded altar of an unknown god.
  3734 | D:4      | Gained mutation: Your mind is acute. (Int +4, Str/Dex -1)
                  | [potion of mutation]
  3734 | D:4      | Gained mutation: Your muscles are strong. (Str +4, Int/Dex
                  | -1) [potion of mutation]
  3763 | D:4      | Reached skill level 1 in Polearms
  3763 | D:4      | Reached XP level 5. HP: 33/44 MP: 1/8
  3787 | D:4      | Found a glowing drain.
  3797 | Sewer    | Entered a sewer
  3979 | Sewer    | Reached XP level 6. HP: 33/51 MP: 9/9
  4198 | Sewer    | Found a viscous altar of Jiyva.
  4584 | D:4      | Found an opulent altar of Gozag.
  4704 | D:4      | Became a worshipper of Gozag Ym Sagoz the Greedy
  4834 | D:4      | Noticed Robin
  4856 | D:4      | Killed Robin
  5086 | D:5      | Entered Level 5 of the Dungeon
  5096 | D:5      | Reached XP level 7. HP: 60/60 MP: 10/10
  5145 | D:5      | Reached skill level 2 in Stealth
  5814 | D:5      | Reached skill level 3 in Stealth
  5915 | D:5      | Reached skill level 5 in Poison Magic
  6449 | D:6      | Noticed a wraith
  6449 | D:6      | You fall into a shaft and drop 3 floors!
  6675 | D:8      | Noticed a steam dragon
  6679 | D:8      | Noticed Erica
  6793 | D:7      | Reached XP level 8. HP: 55/69 MP: 11/11
  6851 | D:7      | Reached skill level 4 in Stealth
  6907 | D:7      | Reached skill level 5 in Evocations
  7084 | D:7      | Found a sacrificial altar of Ru.
  7138 | D:7      | Reached skill level 5 in Stealth
  7365 | D:7      | Found a staircase to the Ecumenical Temple.
  7627 | Temple   | Entered the Ecumenical Temple
  7835 | D:6      | Reached XP level 9. HP: 72/78 MP: 12/12
  7873 | D:6      | Reached skill level 6 in Stealth
  8135 | D:6      | Learned a level 3 spell: Spider Form
  8364 | D:8      | Reached skill level 5 in Polearms
  8364 | D:8      | Reached skill level 7 in Stealth
  8479 | D:8      | Reached skill level 5 in Fighting
  8479 | D:8      | Reached skill level 5 in Shields
  8491 | D:8      | Killed Erica
  8492 | D:8      | Reached skill level 8 in Stealth
  8595 | D:8      | Reached XP level 10. HP: 70/89 MP: 13/13
  8749 | D:8      | Identified the +0 robe "Qeruigea" {Rampage Str+3}
  8997 | D:8      | Found Lane's Antique Armour Emporium.
  9566 | D:9      | Found a staircase to the Orcish Mines.
  9676 | D:9      | Reached skill level 9 in Stealth
  9990 | D:10     | Entered Level 10 of the Dungeon
  9990 | D:10     | Noticed a death yak
 10004 | D:10     | Killed a death yak
 10005 | D:10     | Found a staircase to the Lair.
 10005 | D:10     | Noticed a death yak
 10005 | D:10     | Noticed a death yak
 10023 | D:9      | Killed a death yak
 10039 | D:10     | Noticed Joseph
 10160 | D:10     | Reached skill level 10 in Stealth
 10165 | D:10     | Reached XP level 11. HP: 73/99 MP: 14/14
 10229 | D:10     | Found a flagged portal.
 10239 | D:10     | Found a shadowy altar of Dithmenos.
 10239 | D:10     | Found a hide-covered altar of Uskayaw.
 10249 | Bailey   | Entered a bailey
 10534 | Bailey   | Noticed an orc knight
 10548 | Bailey   | Killed an orc knight
 10648 | Bailey   | Reached skill level 11 in Stealth
 10778 | Bailey   | Found a large runed translucent door.
 10778 | Bailey   | Found a large runed translucent door.
 10779 | Bailey   | Noticed a deep elf pyromancer
 10780 | Bailey   | Found the +3 crown of Dyrovepreva {rElec Int+2 SInv}
 10864 | Bailey   | Killed a deep elf pyromancer
 11127 | D:10     | Killed a death yak
 11398 | D:10     | Found an iron altar of Okawaru.
 11412 | D:10     | Killed Joseph
 11477 | D:10     | Found Vuorhy's Antique Weapon Shop.
 11725 | D:10     | Reached skill level 12 in Stealth
 11797 | D:10     | Reached XP level 12. HP: 36/111 MP: 15/15
 12284 | D:10     | Found an ancient bone altar of Kikubaaqudgha.
 12303 | D:10     | Identified the staff of fire "Jotzonk" {rF+ rN+ rCorr Dex-3
                  | Stlth+}
 12474 | D:10     | Identified the staff of poison "Pureyh" {rPois rF+ rN+
                  | Dex+2}
 12757 | D:11     | Noticed a boulder beetle
 12771 | D:11     | Killed a boulder beetle
 12998 | D:11     | Reached skill level 13 in Stealth
 13392 | D:11     | Noticed a boulder beetle
 13405 | D:11     | Killed a boulder beetle
 14044 | D:12     | Reached skill level 10 in Evocations
 14349 | D:12     | Noticed a boulder beetle
 14362 | D:12     | Killed a boulder beetle
 14363 | D:12     | Gained mutation: You can use your snake-like lower body to
                  | constrict enemies. [Naga growth]
 14363 | D:12     | Reached XP level 13. HP: 95/121 MP: 16/16
 14628 | D:13     | Noticed an entropy weaver
 14641 | D:13     | Killed an entropy weaver
 14642 | D:13     | Reached skill level 14 in Stealth
 15206 | D:13     | HP: 5/122 [skeletal warrior/+0 trident (11)]
 15208 | D:13     | Demolished by a skeletal warrior

Illustrated notes

Levels and vault maps discovered:
D:1:      scummos_arrival_star, layout_loops_corners
D:2:      layout_basic, grunt_ministairs_11, uniq_crazy_yiuf_cottage
D:3:      layout_loops_ring, dreamdust_ecumenical_altar_drowned_temple,
          serial_aquarium, aquarium_bridge_straight [aquarium_subvault_bridge,
          aquarium_subvault_window, aquarium_subvault_bridge,
          aquarium_subvault_window], aquarium_bridge_square
          [aquarium_subvault_window, aquarium_subvault_wall,
          aquarium_subvault_balcony, aquarium_subvault_bridge],
          aquarium_window_3, aquarium_window_corner, aquarium_view_2a,
          aquarium_view_2f, aquarium_balcony_5b
D:4:      layout_basic, kennysheep_mini_moat, cheibrodos_sewer_entry_sluice,
          st_stairs_5, uniq_robin
D:5:      layout_layer_cave
D:6:      layout_rooms
D:7:      layout_cave_pools, nicolae_overflow_crystal_walls,
          minmay_temple_entry_glass
D:8:      layout_loops_ring, serial_shops, shop, kennysheep_just_a_vault,
          uniq_erica
D:9:      layout_cross, orc_0_dummy
D:10:     lemuel_vampire_tower, layout_gridville,
          mainiacjoe_overflow_small_starburst, mainiacjoe_overflow_divided_tiny,
          dpeg_lair_monsters, serial_shops, shop_fountains, enter_bailey_5,
          uniq_joseph
D:11:     layout_small_grid, hangedman_tell_no_tales
D:12:     layout_roguey
D:13:     layout_long_grid
Temple:   nicolae_temple_bog_church

Skill      XL: |  1  2  3  4  5  6  7  8  9 10 11 12 13 |
---------------+----------------------------------------+-----
Poison Magic   | 1 2 3 4 5 |  5.0
Shields        | 1 2 3 4 5 6 7 8 9 |  9.2
Air Magic      | 2 3 |  3.0
Spellcasting   | 2 |  2.0
Polearms       | 1 2 3 4 5 7 8 9 |  9.7
Fighting       | 2 3 4 5 6 8 9 |  9.7
Stealth        | 3 5 8 10 12 13 14 | 14.3
Evocations     | 5 6 7 9 10 | 10.3
Armour         | |  1.0
Dodging        | |  1.0

Action                     |  1- 3 |  4- 6 |  7- 9 | 10-12 | 13-15 || total
---------------------------+-------+-------+-------+-------+-------++-------
  Melee: Dagger            |    19 |       |       |       |       ||    19
         Club              |     1 |       |       |       |       ||     1
         Spear             |       |   130 |   176 |   418 |    31 ||   755
         Staff             |       |     5 |       |       |       ||     5
         Constrict         |       |       |       |       |     3 ||     3
   Cast: Poisonous Vapours |     7 |     8 |     5 |    27 |       ||    47
Ability: Spit Poison       |    23 |     5 |     2 |     5 |       ||    35
  Evoke: Wand              |     1 |       |       |       |       ||     1
    Use: Scroll            |       |    11 |     5 |     8 |     1 ||    25
         Potion            |       |     1 |       |       |       ||     1
   Stab: Sleeping          |     1 |     5 |     9 |    13 |     3 ||    31
         Distracted        |       |     1 |     4 |    15 |       ||    20
 Armour: Robe              |     3 |     9 |    27 |    48 |     3 ||    90
  Dodge: Dodged            |     5 |    20 |    36 |   142 |    13 ||   216
  Block: Buckler           |     2 |     7 |    19 |    62 |    10 ||   100
